 Dungeon Crawl Stone Soup version 0.25-a0-200-g5ba96148f3 (console) character file.

Game seed: 11170217446069766739, levelgen mode: deterministic

50 Kagalorn the Digger (level 3, -1/30 HPs)
             Began as a Deep Dwarf Earth Elementalist on Dec 2, 2019.
             Slain by Sigmund
             ... wielding a +0 scythe
              (9 damage)
             ... on level 2 of the Dungeon.
             The game lasted 00:04:29 (991 turns).

Kagalorn the Digger (Deep Dwarf Earth Elementalist)  Turns: 991, Time: 00:04:29

Health: -1/30      AC:  2    Str: 11    XL:     3   Next: 55%
Magic:  5/6        EV: 12    Int: 16    God:
Gold:   46         SH:  4    Dex: 13    Spells: 5/6 levels left

rFire    . . .     SeeInvis .   j - +0 hand axe
rCold    . . .     Gourm    .   (no shield)
rNeg     . . .     Faith    .   c - +0 robe
rPois    .         Spirit   .   (no helmet)
rElec    .         Reflect  +   (no cloak)
rCorr    .         Harm     .   (no gloves)
MR       .....                  (no boots)
Stlth    ++........             e - +4 amulet of reflection
HPRegen  0.00/turn              (no ring)
MPRegen  0.10/turn              (no ring)

@: non-regenerating
A: damage resistance, heal wounds, sense surroundings 1, no regeneration
a: Heal Wounds


You were on level 2 of the Dungeon.
You were not hungry.

You visited 1 branch of the dungeon, and saw 2 of its levels.

You collected 46 gold pieces.

Inventory:

Hand Weapons
 j - a +0 hand axe (weapon)
 n - a +2 dagger of venom
 s - a +3 spear
Missiles
 b - 30 stones
 t - 12 sling bullets
 u - 14 poisoned darts (quivered)
Armour
 c - a +0 robe (worn)
Jewellery
 e - a +4 amulet of reflection (around neck)
Scrolls
 a - a scroll of enchant weapon {unknown}
 f - a scroll of noise {unknown}
 k - a scroll of identify {unknown}
 m - a scroll of fog {unknown}
 o - a scroll of magic mapping {unknown}
 p - a scroll of amnesia {unknown}
 q - 2 scrolls of remove curse {unknown}
Potions
 g - a potion of heal wounds {unknown}
 h - a potion of berserk rage {unknown}
 i - a potion of degeneration {unknown}
 l - a potion of might {unknown}
 r - a potion of agility {unknown}
Comestibles
 d - 3 rations
 v - 2 chunks of flesh


   Skills:
 * Level 0.6 Fighting
 - Level 2.1 Dodging
 - Level 2.4 Stealth
 * Level 2.4 Spellcasting
   Level 0.8 Transmutations
 * Level 5.3 Earth Magic


You had 5 spell levels left.
You knew the following spells:

 Your Spells              Type           Power        Failure   Level  Hunger
a - Sandblast             Erth           ###...       2%          1    #......

Your spell library contained the following spells:

 Spells                   Type           Power        Failure   Level  Hunger
 Passwall                 Tmut/Erth      ##......     9%          2    ###....
 Stone Arrow              Conj/Erth      ##....       21%         3    ###....
 Petrify                  Tmut/Erth      ##......     50%         4    #####..
 Lee's Rapid Deconstruct  Erth           ###.......   52%         5    ######.


Dungeon Overview and Level Annotations

Branches:
Dungeon (2/15)

Altars:
Xom
Yredelemnul

Annotations:
D:2 Sigmund


Innate Abilities, Weirdness & Mutations

You are resistant to damage.
You can heal yourself by infusing magical energy.
You passively map a small area around you.
You do not regenerate.


Message History

Casting: Sandblast (safe; 2% risk of failure)
Confirm with . or Enter, or press ? or * to list all spells.
Aiming: Sandblast (safe; 2% risk of failure)
Press: ? - help, Shift-Dir - straight line, f/p - worm
Aim: a worm (almost dead)
The blast of sand hits the worm!
You kill the worm!
b - 30 stones You see here a worm corpse.
You butcher the worm corpse.
v - 3 chunks of flesh Eat one of 3 chunks of flesh? (ye/n/q)
You eat one of the 3 chunks of flesh.
This raw flesh tastes terrible.
You see here a hobgoblin corpse.
Things that are here:
a +0 dagger; a giant cockroach corpse Sigmund the Dreaded comes into view.
He is wielding a +0 scythe.
Sigmund shouts!
Sigmund hits you from afar with a +0 scythe!
You die...

, *###.### , * ## * .. .... #.
,.....# *** * .. ##.#...# * *
*#. ....?..# ##### #. #@.....#
##...# #. #......# #.....
#.##@##.#* #...## * ##
#.......# #..... ... ###...###
##.### ##.#### #...# ###.###
.....#####...# #..[..# ,*,
#.#......#...##### #...... *
*..#.#.P.P..b.......#####.#.#..
........_.)...............#....
#..###.P.P†b....../....#....##.


You could see Sigmund.

Vanquished Creatures
  A gnoll (D:1)
  A worm (D:2)
  2 dart slugs (D:1)
  3 leopard geckos
  2 giant cockroaches
  5 goblins
  5 hobgoblins
  3 kobolds
  2 bats (D:1)
  2 frilled lizards (D:1)
  4 rats
30 creatures vanquished.

Notes
Turn   | Place    | Note
-------+----------+-------------------------------------------
     0 | D:1      | Kagalorn the Deep Dwarf Earth Elementalist began the quest
                  | for the Orb.
     0 | D:1      | Reached XP level 1. HP: 15/15 MP: 3/3
   169 | D:1      | Reached XP level 2. HP: 22/22 MP: 0/4
   489 | D:1      | Reached skill level 5 in Earth Magic
   489 | D:1      | Reached XP level 3. HP: 26/30 MP: 3/6
   751 | D:2      | Found a shimmering altar of Xom.
   779 | D:2      | Found a basalt altar of Yredelemnul.
   991 | D:2      | Noticed Sigmund
   991 | D:2      | Slain by Sigmund

Levels and vault maps discovered:
D:1:      wheals_arrival_shading, layout_basic, st_stairs_12
D:2:      layout_loops_cross, yredelemnul_altar_generic, xom_butterflies,
          chequers_big_river, uniq_sigmund

Skill      XL: |  1  2 |
---------------+-------+-----
Spellcasting   | 2 |  2.4
Earth Magic    | 5 |  5.3
Fighting       | |  0.6
Dodging        | |  2.1
Stealth        | |  2.4
Transmutations | |  0.8

Action                   || total
-------------------------++-------
Melee: Spear             ||     7
       Unarmed           ||     1
       Hand axe          ||    11
 Cast: Sandblast         ||    38
  Eat: Chunk             ||     1
Armor: Robe              ||     2
Dodge: Dodged            ||     8
Block: Other             ||     2

Table legend:
 A = Non-vault XP
 B = Vault XP
 C = Vault XP percentage of total XP
 D = Non-vault monster count
 E = Vault monster count
 F = Vault count percentage of total count
                 A         B        C        D         E       F
            +---------+---------+-------+---------+---------+-------
      Total |      66 |       6 |   8.3 |      28 |       2 |   6.7
            +---------+---------+-------+---------+---------+-------
        D:1 |      49 |       6 |  10.9 |      20 |       2 |   9.1
        D:2 |      17 |       0 |   0.0 |       8 |       0 |   0.0
            +---------+---------+-------+---------+---------+-------
